 Dungeon Crawl Stone Soup version 0.15-a0-2036-g5428f20 (webtiles) character file.

511 Malachi the Magician (level 6, -8/42 HPs)
             Began as a Demonspawn Wizard on July 13, 2014.
             Mangled by hackum's ghost (13 damage)
             ... on Level 5 of the Dungeon.
             The game lasted 00:19:18 (6779 turns).

Malachi the Magician (Demonspawn Wizard)            Turns: 6779, Time: 00:19:18

HP  -8/42        AC  6     Str 13      XL: 6   Next: 99%
MP   0/18        EV 13     Int 21      God:
Gold 226         SH  0     Dex 11      Spells:  6 memorised,  2 levels left

rFire  + . .     SeeInvis .     C - +3 dagger
rCold  . . .     Clarity  .     a - +0 robe
rNeg   . . .     rCorr    .     (no shield)
rPois  .         rRot     .     b - +0 hat
rElec  .         Spirit   +     (no cloak)
SustAb .         Warding  .     (no gloves)
rMut   +         Stasis   .     (no boots)
Gourm  .                        v - amulet of resist mutation
MR     .....                    o - cursed ring of protection from fire
                                j - ring of wizardry

@: mighty, about to teleport, not resistant to hostile enchantments, unstealthy
A: antennae 1, iridescent scales 1, powered by death 1, magic shield
a: no special abilities


You were on level 5 of the Dungeon.
You were not hungry.

You visited 1 branch of the dungeon, and saw 5 of its levels.

You collected 226 gold pieces.

Inventory:

Hand weapons
 x - a +0 blowgun
 C - a +3 dagger (weapon)
Missiles
 e - 4 javelins (quivered)
 y - 8 poisoned needles
Armour
 a - a +0 robe (worn)
 b - a +0 hat (worn)
Comestibles
 d - 3 bread rations
 g - 2 fruits
 h - 2 meat rations
 m - 2 rotting chunks of orc flesh
 r - 2 beef jerkies
 u - 2 slices of pizza
 A - 2 chunks of hound flesh
Scrolls
 l - a scroll of enchant weapon
 p - 4 scrolls of teleportation
 t - 3 scrolls of identify
Jewellery
 i - an uncursed ring of positive energy
 j - a ring of wizardry (left hand)
 o - a cursed ring of protection from fire (right hand)
 q - an uncursed ring of sustain abilities
 s - an uncursed ring of stealth
 v - an amulet of resist mutation (around neck)
 z - an uncursed ring of ice
Potions
 n - a potion of poison {unknown}
 w - 2 potions of agility {unknown}
Books
 c - a book of Minor Magic

   Spells                             Type                      Level
   *Magic Dart                        Conjuration                  1
   *Blink                             Translocation                2
   *Call Imp                          Summoning                    2
   *Repel Missiles                    Charms/Air                   2
   Slow                               Hexes                        2
   *Conjure Flame                     Conjuration/Fire             3
   *Mephitic Cloud                    Conjuration/Poison/Air       3


   Skills:
 + Level 0.6 Fighting
   Level 0.3 Maces & Flails
 + Level 0.1 Throwing
 + Level 3.3 Dodging
 + Level 2.3 Stealth
 + Level 5.4 Spellcasting
 + Level 2.7 Conjurations
 + Level 2.5 Summonings
 + Level 0.8 Translocations


You had 2 spell levels left.
You knew the following spells:

 Your Spells              Type           Power        Failure   Level  Hunger
a - Magic Dart            Conj           ###.         1%          1    None
b - Blink                 Tloc           N/A          4%          2    None
c - Call Imp              Summ           ###.....     3%          2    None
d - Mephitic Cloud        Conj/Pois/Air  #.......     10%         3    ##.....
e - Repel Missiles        Chrm/Air       #.....       7%          2    None
f - Conjure Flame         Conj/Fire      ##......     9%          3    ##.....


Dungeon Overview and Level Annotations

Branches:
Dungeon (5/15)
 Temple: D:4-7

Altars:
Fedhas
Trog
The Shining One

Shops:
D:4 :

Annotations:
D:5 hackum's ghost, experienced FoFi


Innate Abilities, Weirdness & Mutations

You have a pair of small antennae on your head.
You are partially covered in iridescent scales (AC +4).
You can steal the life force of nearby defeated enemies.
When hurt, damage is shared between your health and your magic reserves.


Message History

Your magical contamination has completely faded away.
You smell something rotten. (slot m) Hackum's ghost misses you.
Drink which item? (? for menu, Esc to quit)
You feel much better. Hackum's ghost hits you!
You hit hackum's ghost.
Hackum's ghost is severely damaged.
Hackum's ghost barely misses you.
You hit hackum's ghost but do no damage.
Hackum's ghost is severely damaged.
Hackum's ghost hits you!
* * * LOW HITPOINT WARNING * * *
Hackum's ghost closely misses you.
Drink which item? (? for menu, Esc to quit)
You feel very mighty all of a sudden.
It was a potion of might.
Hackum's ghost completely misses you.
Read which item? (? for menu, Esc to quit)
As you read the scroll of teleportation, it crumbles to dust.
You feel strangely unstable. Hackum's ghost hits you!
You die...

### ##..##...#
#.## ##...##...#
##.###...####...
##....### ##..
##.### ##. ### #.
####
###############...
#@W...............
###.....#####.....
####### ######


You could see hackum's ghost.

Vanquished Creatures
  A crimson imp (D:5)
  2 hounds
  A jelly (D:5)
  2 orc wizards (D:4)
  Natasha (thrice) (D:5)
  An iguana (D:4)
  A gnoll (D:4)
  6 adders
  4 worms
  3 giant geckos
  9 orcs
  A ball python (D:2)
  17 bats
  A giant cockroach (D:5)
  6 hobgoblins
  7 jackals
  9 kobolds
  4 quokkas
  2 giant newts
  10 goblins
  A hobgoblin skeleton (D:4)
  10 rats
101 creatures vanquished.

Vanquished Creatures (collateral kills)
  An orc priest (D:5)
  4 orc wizards
  An ogre skeleton (D:5)
  An adder (D:2)
  A worm (D:2)
  6 orcs
  A hobgoblin (D:4)
  2 jackals (D:3)
  A kobold (D:3)
  A quokka (D:3)
  A bat (D:3)
  A giant cockroach (D:3)
  2 rats (D:4)
23 creatures vanquished.

Vanquished Creatures (others)
  5 crimson imps
  4 white imps (D:4)
  A shadow imp (D:4)
10 creatures vanquished.

Grand Total: 134 creatures vanquished

Notes
Turn   | Place    | Note
--------------------------------------------------------------
     0 | D:1      | Malachi, the Demonspawn Wizard, began the quest for the Orb.
     0 | D:1      | Reached XP level 1. HP: 13/13 MP: 4/4
   562 | D:1      | Gained mutation: You can steal the life force of nearby defeated enemies. [demonic ancestry]
   562 | D:1      | Reached XP level 2. HP: 16/19 MP: 0/6
  1357 | D:1      | Reached XP level 3. HP: 20/24 MP: 0/8
  1499 | D:2      | Found a blossoming altar of Fedhas.
  1509 | D:2      | Learned a level 2 spell: Blink
  1512 | D:2      | Learned a level 2 spell: Call Imp
  1557 | D:2      | Learned a level 3 spell: Mephitic Cloud
  1815 | D:2      | Reached skill level 4 in Spellcasting
  1913 | D:2      | Gained mutation: When hurt, damage is shared between your health and your magic reserves. [demonic ancestry]
  1913 | D:2      | Reached XP level 4. HP: 30/30 MP: 7/11
  2176 | D:2      | Found a glowing golden altar of the Shining One.
  3535 | D:3      | Found a bloodstained altar of Trog.
  3809 | D:3      | Gained mutation: You are partially covered in iridescent scales (AC +4). [demonic ancestry]
  3809 | D:3      | Reached XP level 5. HP: 3/35 MP: 0/13
  5271 | D:4      | Found Gadud's Book Shop.
  5404 | D:4      | Gained mutation: You have a pair of small antennae on your head. [demonic ancestry]
  5404 | D:4      | Reached XP level 6. HP: 33/42 MP: 4/16
  5655 | D:5      | Entered Level 5 of the Dungeon
  5655 | D:5      | Noticed Natasha
  5666 | D:5      | Killed Natasha
  5666 | D:5      | Reached skill level 5 in Spellcasting
  5853 | D:5      | Noticed hackum's ghost (experienced FoFi)
  5970 | D:4      | Learned a level 3 spell: Conjure Flame
  5984 | D:4      | Learned a level 2 spell: Repel Missiles
  6202 | D:5      | Noticed Natasha
  6210 | D:5      | Killed Natasha
  6345 | D:5      | Noticed Natasha
  6347 | D:5      | Killed Natasha
  6779 | D:5      | Mangled by hackum's ghost

Action                   |  1- 3 |  4- 6 || total
-------------------------+-------+-------++-------
Melee: Unarmed           |     6 |       ||     6
       Whip              |    11 |    67 ||    78
       Dagger            |       |     8 ||     8
Throw: Javelin           |       |     7 ||     7
 Cast: Magic Dart        |    99 |   194 ||   293
       Call Imp          |     1 |    48 ||    49
       Blink             |       |    10 ||    10
       Mephitic Cloud    |       |     5 ||     5
       Conjure Flame     |       |     1 ||     1
  Use: Scroll            |     1 |     7 ||     8
       Potion            |       |     4 ||     4
 Stab: Sleeping          |       |     1 ||     1
  Eat: Chunk             |     3 |    11 ||    14
       Bread ration      |       |     1 ||     1
